 Dungeon Crawl Stone Soup version 0.25-a0-665-ga69d64035b (webtiles) character file.

Game seed: 705435805160829797, levelgen mode: deterministic

67 ReteAZ the Skirmisher (level 4, -3/40 HPs)
             Began as a Ghoul Fighter on Mar 26, 2020.
             Slain by Crazy Yiuf
             ... wielding a +3 quarterstaff of chaos
              (4 damage)
             ... on level 2 of the Dungeon.
             The game lasted 00:01:35 (1772 turns).

ReteAZ the Skirmisher (Ghoul Fighter)               Turns: 1772, Time: 00:01:35

Health: -3/40      AC:  6    Str: 19    XL:     4   Next: 18%
Magic:  3/3        EV:  7    Int:  4    God:
Gold:   56         SH:  8    Dex:  8    Spells: 3/3 levels left

rFire    . . .     SeeInvis .     - Unarmed
rCold    + . .     Gourm    .   b - +0 kite shield
rNeg     + + +     Faith    .   a - +0 scale mail
rPois    ∞         Spirit   .   (no helmet)
rElec    .         Reflect  .   (no cloak)
rCorr    .         Harm     .   (no gloves)
MR       .....                  (no boots)
Stlth    ..........             (no amulet)
HPRegen  0.00/turn              (no ring)
MPRegen  0.08/turn              (no ring)

@: rotting
A: rotting body, claws 1, carnivore, cold resistance 1, negative energy
resistance 3, inhibited regeneration, torment resistance, unbreathing
a: no special abilities


You were on level 2 of the Dungeon.
You were not hungry.

You visited 1 branch of the dungeon, and saw 2 of its levels.

You collected 56 gold pieces.

Inventory:

Armour
 a - a +0 scale mail (worn)
 b - a +0 kite shield (worn)
 e - a +2 robe of cold resistance
Scrolls
 f - a scroll of fear {unknown}
 g - a scroll of enchant armour {unknown}
 i - 2 scrolls of teleportation {unknown}
 k - a scroll of blinking {unknown}
 m - a scroll of noise {unknown}
 n - a scroll of identify {unknown}
Potions
 c - a potion of might
 h - a potion of curing {unknown}
 j - a potion of stabbing {unknown}
 o - a potion of lignification {unknown}
 p - a potion of flight {unknown}
Comestibles
 d - a ration
 l - a chunk of flesh


   Skills:
 + Level 3.8 Fighting
 + Level 3.1 Armour
 + Level 3.1 Shields
 * Level 3.4 Unarmed Combat


You had 3 spell levels left.
You didn't know any spells.
Your spell library was empty.

Dungeon Overview and Level Annotations

Branches:
Dungeon (2/15)

Altars:

Annotations:
D:2 Crazy Yiuf


Innate Abilities, Weirdness & Mutations

Your body is rotting away.
You thrive on raw meat.
You are immune to poison.
You have sharp fingernails.
You are carnivorous and can eat meat at any time.
Your flesh is cold resistant. (rC+)
You are immune to negative energy. (rN+++)
You do not regenerate when monsters are visible.
You are immune to unholy pain and torment.
You can survive without breathing.


Message History

Crazy Yiuf hits you with a +3 quarterstaff of chaos!
You are electrocuted!
You closely miss Crazy Yiuf.
Crazy Yiuf is lightly wounded.
Crazy Yiuf grits, "Blight action green!"
You block Crazy Yiuf's attack.
You barely miss Crazy Yiuf.
Crazy Yiuf is lightly wounded.
Crazy Yiuf sings, "Trees, trees, trees, circus!"
Crazy Yiuf hits you with a +3 quarterstaff of chaos.
Space warps horribly around you!
* * * LOW HITPOINT WARNING * * *
You scratch Crazy Yiuf but do no damage.
Crazy Yiuf is lightly wounded.
Crazy Yiuf closely misses you.
Your shield prevents you from hitting Crazy Yiuf.
Crazy Yiuf is lightly wounded.
Crazy Yiuf twirls on the spot.
Crazy Yiuf hits you with a +3 quarterstaff of chaos.
You die...

#.###......####.#
##.#..........#.#
###.#......##.#.#
# #......########
# #####.## # ###
######## ###
###### ##.....#
#)..### ##..+.##
##.....#
#...g@####......#
#.....#
#...##..#.......#
#..#..# ###
###.#...+..#
##.###.##
#######..# ..##
##.# ##.#
##.###.## ### #.#
....#.## #.# #.#
####..# #.# #.#
#####.# #.# #.#


You could see Crazy Yiuf.

Vanquished Creatures
  2 adders (D:2)
  A worm (D:2)
  A dart slug (D:1)
  2 leopard geckos (D:1)
  A ball python (D:2)
  2 giant cockroaches (D:1)
  4 goblins
  5 hobgoblins
  4 jackals (D:2)
  A quokka (D:2)
  2 bats
  6 frilled lizards
  7 kobolds
  4 rats
42 creatures vanquished.

Notes
Turn   | Place    | Note
-------+----------+-------------------------------------------
     0 | D:1      | ReteAZ the Ghoul Fighter began the quest for the Orb.
     0 | D:1      | Reached XP level 1. HP: 19/19 MP: 0/0
   186 | D:1      | Reached XP level 2. HP: 22/26 MP: 1/1
   493 | D:1      | Reached XP level 3. HP: 29/31 MP: 2/2
  1467 | D:2      | Reached XP level 4. HP: 31/40 MP: 3/3
  1679 | D:2      | Found a runed translucent door.
  1680 | D:2      | Noticed Crazy Yiuf
  1770 | D:2      | HP: 1/40 [Crazy Yiuf/+3 quarterstaff of chaos (15)]
  1772 | D:2      | Slain by Crazy Yiuf

Levels and vault maps discovered:
D:1:      tarquinn_simple_flora_water_b, layout_basic, minmay_tromino_v4_b
D:2:      layout_loops_cross, minmay_tripent, uniq_crazy_yiuf_cottage

Skill      XL: |  1  2  3 |
---------------+----------+-----
Armour         | 3 |  3.1
Unarmed Combat | 3 |  3.4
Shields        | 3 |  3.1
Fighting       | |  3.8

Action                   |  1- 3 |  4- 6 || total
-------------------------+-------+-------++-------
Melee: Unarmed           |   171 |    12 ||   183
  Eat: Chunk             |    10 |     3 ||    13
Armor: Scale mail        |    55 |     2 ||    57
Dodge: Dodged            |    31 |     2 ||    33
Block: Kite shield       |    76 |     4 ||    80

Table legend:
 A = Non-vault XP
 B = Vault XP
 C = Vault XP percentage of total XP
 D = Non-vault monster count
 E = Vault monster count
 F = Vault count percentage of total count
                 A         B        C        D         E       F
            +---------+---------+-------+---------+---------+-------
      Total |      79 |      18 |  18.6 |      38 |       4 |   9.5
            +---------+---------+-------+---------+---------+-------
        D:1 |      36 |       4 |  10.0 |      21 |       2 |   8.7
        D:2 |      43 |      14 |  24.6 |      17 |       2 |  10.5
            +---------+---------+-------+---------+---------+-------
